 Dungeon Sprint DCSS version 0.19.1 (webtiles) character file.

447 dvd the Protected (level 6, -8/63 HPs)
             Began as a Minotaur Fighter on Dec 21, 2016.
             Was an Initiate of Okawaru.
             Splashed by Sonja's acid (15 damage)
             ... in the Dungeon (Sprint I: "Red Sonja").
             The game lasted 00:01:28 (505 turns).

dvd the Protected (Minotaur Fighter)                 Turns: 505, Time: 00:01:28

Health: -8/63      AC:  8    Str: 20    XL:     6   Next: 73%
Magic:  5/5        EV:  9    Int:  5    God:    Okawaru [......]
Gold:   325        SH: 11    Dex: 12    Spells: 0 memorised, 5 levels left

rFire  . . .     SeeInvis .     a - +0 war axe
rCold  . . .     Gourm    .     b - +0 scale mail
rNeg   . . .     Faith    .     c - +0 shield
rPois  .         Spirit   .     (helmet restricted)
rElec  .         Reflect  .     (no cloak)
rCorr  .         Harm     .     (no gloves)
MR     .....     NoTele   +     (no boots)
Stlth  ..........               (no amulet)
                                (no ring)
                                (no ring)

@: no status effects
A: retaliatory headbutt, horns 2
a: Renounce Religion


You were in the Dungeon.
You worshipped Okawaru.
Okawaru was noncommittal.
You were not hungry.

You visited 1 branch You collected 325 gold pieces.

Inventory:

Hand Weapons
 a - a +0 war axe (weapon)
Armour
 b - a +0 scale mail (worn)
 c - a +0 shield (worn)
Scrolls
 k - a scroll of blinking
Potions
 d - a potion of might
 e - a potion of curing
 g - a potion of heal wounds
 h - a potion of haste
 i - 2 potions of magic
Comestibles
 f - a bread ration
 j - 6 chunks of flesh


   Skills:
 + Level 9.2 Fighting
 + Level 8.3 Axes
 + Level 10.3 Armour
 + Level 1.8 Dodging
 + Level 9.1 Shields


You had 5 spell levels left.
You didn't know any spells.

Dungeon Overview and Level Annotations

Branches:
Dungeon (1/1)

Altars:
Cheibriados
Dithmenos
Elyvilon
Fedhas
Gozag
Hepliaklqana
Kikubaaqudgha
Nemelex Xobeh
Okawaru
Qazlal
Ru
Sif Muna
Trog
Uskayaw
Vehumet
Yredelemnul
Zin
The Shining One

Shops:
D [

Annotations:
D Sonja


Innate Abilities, Weirdness & Mutations

You reflexively headbutt those who attack you in melee.
You have a pair of horns on your head.


Message History

There is an open door, spattered with blood here.
You see here a yak skeleton.
You open the door.
Sonja, the Graceful Assassin comes into view.
She is wielding a short sword of draining.
Sonja shouts!
Sonja zaps a wand.
The bolt of acid hits you!
You are splashed with acid!
The acid burns!
It is a wand of acid.
Found 108 gold pieces.
You close the door.
Sonja opens the door.
Sonja unwields an uncursed short sword of draining.
Sonja wields an uncursed runed blowgun.
Sonja shoots a curare-tipped needle.
You block the curare-tipped needle.
There is an open door, spattered with blood here.
Things that are here:
a curare-tipped needle; a yak skeleton Sonja zaps a wand.
The bolt of acid hits you!
* * * LOW HITPOINT WARNING * * *
You are splashed with acid!
The acid burns!
You die...

################
#<.#..'..#..'..#
#..').#..').#..+
#.)#####'#####'#
#..####..#...#.#
#..#__####..##.#
#..#_____##'#..+
#⌠⌠#_.∩..@(..._#
####_..__##_.#+#
#_____###K#
####### #.# $.$
$.$# ##.## #+#


You could see Sonja.

Vanquished Creatures
  Sigmund (D)
  A yak (D)
  An ogre (D)
  A jelly (D)
  Ijyb (D)
5 creatures vanquished.

Vanquished Creatures (others)
  A gargoyle (D)
1 creature vanquished.

Grand Total: 6 creatures vanquished

Notes
Turn   | Place    | Note
-------+----------+-------------------------------------------
     0 | D        | dvd the Minotaur Fighter began the quest for the Orb.
     0 | D        | Reached XP level 1. HP: 19/19 MP: 0/0
     2 | D        | Noticed Ijyb
    11 | D        | Killed Ijyb
    11 | D        | Reached skill level 5 in Fighting
    11 | D        | Reached skill level 5 in Armour
    11 | D        | Reached skill level 5 in Shields
    11 | D        | Reached XP level 2. HP: 25/29 MP: 1/1
    49 | D        | Noticed an ogre
    61 | D        | Killed an ogre
    61 | D        | Reached skill level 7 in Armour
    61 | D        | Reached XP level 3. HP: 13/38 MP: 2/2
    61 | D        | Reached XP level 4. HP: 16/45 MP: 3/3
   133 | D        | Killed a gargoyle
   281 | D        | Noticed Sigmund
   292 | D        | Killed Sigmund
   292 | D        | Reached skill level 9 in Armour
   292 | D        | Reached XP level 5. HP: 29/56 MP: 4/4
   292 | D        | Reached XP level 6. HP: 32/62 MP: 5/5
   450 | D        | Found a deep blue altar of Sif Muna.
   452 | D        | Found a radiant altar of Vehumet.
   476 | D        | Found Deuthrext's Antique Armour Emporium.
   476 | D        | Found an ancient bone altar of Kikubaaqudgha.
   476 | D        | Found a hazy altar of Hepliaklqana.
   476 | D        | Found a stormy altar of Qazlal.
   476 | D        | Found a hide-covered altar of Uskayaw.
   476 | D        | Found a blossoming altar of Fedhas.
   476 | D        | Found a bloodstained altar of Trog.
   476 | D        | Found an iron altar of Okawaru.
   476 | D        | Found a basalt altar of Yredelemnul.
   476 | D        | Found a glowing golden altar of the Shining One.
   476 | D        | Found a snail-covered altar of Cheibriados.
   476 | D        | Found a sacrificial altar of Ru.
   476 | D        | Found a glowing silver altar of Zin.
   476 | D        | Found a shadowy altar of Dithmenos.
   476 | D        | Found a white marble altar of Elyvilon.
   476 | D        | Noticed a yak
   482 | D        | Killed a yak
   482 | D        | Reached skill level 10 in Armour
   482 | D        | Reached skill level 1 in Dodging
   483 | D        | Found an opulent altar of Gozag.
   486 | D        | Found a sparkling altar of Nemelex Xobeh.
   492 | D        | Became a worshipper of Warmaster Okawaru
   501 | D        | Noticed Sonja
   505 | D        | Splashed by Sonja's acid

Skill      XL: |  1  2  3  4  5  6 |
---------------+-------------------+-----
Fighting       | 5 6 8 9 |  9.2
Axes           | 3 4 6 8 |  8.3
Armour         | 5 7 9 10 | 10.3
Shields        | 5 6 8 9 |  9.1
Dodging        | 1 |  1.8

Action                   |  1- 3 |  4- 6 || total
-------------------------+-------+-------++-------
Melee: War axe           |    15 |    17 ||    32
       Headbutt          |     3 |     2 ||     5
  Use: Potion            |     1 |       ||     1
Armor: Scale mail        |     2 |     3 ||     5
Dodge: Dodged            |     4 |     1 ||     5
Block: Shield            |     7 |     6 ||    13
